 Dungeon Crawl Stone Soup version 0.20-a0-795-ga03948b (webtiles) character file.

941 Alarkh the Slasher (level 7, -12/55 HPs)
             Began as a Demonspawn Fighter on Mar 2, 2017.
             Killed from afar by an electric eel (13 damage)
             ... with a bolt of electricity
             ... on level 6 of the Dungeon.
             The game lasted 00:07:55 (5825 turns).

Alarkh the Slasher (Demonspawn Fighter)             Turns: 5825, Time: 00:07:56

Health: -12/55     AC:  7    Str: 16    XL:     7   Next: 88%
Magic:  7/7        EV: 17    Int: 12    God:
Gold:   260        SH: 10    Dex: 21    Spells: 6/6 levels left

rFire    . . .     SeeInvis .   a - +0 long sword
rCold    . . .     Gourm    .   g - +0 troll leather armour {Purgy}
rNeg     . . .     Faith    .   c - +0 shield
rPois    .         Spirit   .   (helmet unavailable)
rElec    .         Reflect  .   v - +0 cloak (curse)
rCorr    .         Harm     +   (no gloves)
MR       .....                  (no boots)
Stlth    +++.......             r - amulet of harm
Regen    0.6/turn               (no ring)
MPRegen  0.1/turn               s - +4 ring of dexterity

@: agile, very slightly contaminated, hasted, very quick
A: horns 3, thin metallic scales 1, demonic guardian 1
a: no special abilities


You were on level 6 of the Dungeon.
You were hungry.

You visited 1 branch of the dungeon, and saw 6 of its levels.
You also visited: Sewer.

You collected 260 gold pieces.

Inventory:

Hand Weapons
 a - a +0 long sword (weapon)
Armour
 b - a +0 scale mail
 c - a +0 shield (worn)
 g - a +0 troll leather armour (worn) {Purgy}
 v - a cursed +0 cloak (worn)
Jewellery
 r - an amulet of harm (around neck)
 s - a +4 ring of dexterity (left hand)
Wands
 p - a wand of lightning (1/15)
 y - a wand of clouds (4/9)
Scrolls
 d - 4 scrolls of fog
 e - a scroll of identify
 h - 3 scrolls of recharging
 j - 4 scrolls of remove curse
 k - a scroll of random uselessness
 l - 2 scrolls of magic mapping {unknown}
 m - a scroll of immolation {unknown}
 n - a scroll of blinking
 o - a scroll of teleportation
 x - a scroll of fear {unknown}
 E - a scroll of enchant weapon {unknown}
 F - a scroll of noise {unknown}
Potions
 i - a potion of mutation
 q - 7 potions of flight
 t - 2 potions of heal wounds
 w - 2 potions of might
 B - 2 potions of curing
Comestibles
 f - 6 bread rations
 z - 2 meat rations
 A - 2 royal jellies
 D - 13 chunks of flesh


   Skills:
 + Level 4.6 Fighting
 * Level 5.0 Long Blades
 + Level 4.3 Armour
 + Level 3.3 Dodging
 + Level 4.1 Shields


You had 6 spell levels left.
You didn't know any spells.

Dungeon Overview and Level Annotations

Branches:
Dungeon (6/15)
 Temple: D:4-7

Altars:
Ashenzari
Cheibriados
Fedhas
Makhleb
Ru
Sif Muna
Uskayaw
Xom
Yredelemnul
The Shining One


Innate Abilities, Weirdness & Mutations

You have a pair of large horns on your head.
You are partially covered in thin metallic scales. (AC +2)
A weak demonic guardian rushes to your aid.


Message History

Aim: an electric eel
Okay, then.
You feel yourself speed up.
The electric eel shoots out a bolt of lightning at you!
The bolt of electricity hits the plant.
The bolt of electricity hits you!
The bolt of electricity hits your white imp.
Your white imp dies!
You are very lightly contaminated with residual magic.
Okay, then.
You feel agile all of a sudden.
The electric eel shoots out a bolt of lightning at you!
The bolt of electricity hits the electric eel.
The electric eel completely resists.
The bolt of electricity hits the plant.
The bolt of electricity hits you!
* * * LOW HITPOINT WARNING * * *
The electric eel shoots out a bolt of lightning at you!
The bolt of electricity hits the plant.
The bolt of electricity hits you!
* * * LOW HITPOINT WARNING * * *
The bolt of electricity hits you!
You die...

#.#;≈≈P.. #≈# #.#;:.≈..
#.# #.#;≈$≈.. +#.#
##≈##≈.≈.. #..########
##≈##########.##......#
#≈##≈.≈P..##≈≈#######.#
#≈#≈;?PP...#≈## #.#
#.#≈$≈P....#≈# #.#
#.#≈;.;P..@#.# #.#
##'##≈?[...#..# #.#
#...########.## #.#
##..# #.# ### #.#.####
##.# #.# #.#....# #.#
#[# #.####.# #.###.#
#.# #.# #.....# #.# #.#
. ####..######## #.#
#.#


You could see 3 electric eels.

Vanquished Creatures
  Purgy (Sewer)
  3 bullfrogs (D:6)
  The ghost of Alarkh the Slasher, a weakling DsMo (D:3)
  A howler monkey (D:5)
  A crimson imp (D:4)
  3 hounds (D:6)
  4 orc wizards
  A worker ant (D:5)
  A worker ant zombie (D:5)
  5 gnolls
  8 adders
  An ooze (D:3)
  4 worms
  A dart slug (D:2)
  4 leopard geckos
  14 orcs
  2 ball pythons (Sewer)
  7 giant cockroaches
  10 goblins
  14 hobgoblins
  7 jackals
  7 kobolds
  5 quokkas
  9 bats
  11 frilled lizards
  A quokka skeleton (D:5)
  7 rats
133 creatures vanquished.

Vanquished Creatures (collateral kills)
  A scorpion (D:6)
  An orc (D:6)
2 creatures vanquished.

Grand Total: 135 creatures vanquished

Notes
Turn   | Place    | Note
-------+----------+-------------------------------------------
     0 | D:1      | Alarkh the Demonspawn Fighter began the quest for the Orb.
     0 | D:1      | Reached XP level 1. HP: 18/18 MP: 1/1
    79 | D:1      | Reached skill level 2 in Long Blades
   108 | D:1      | Gained mutation: You have a pair of small horns on your head. [demonic ancestry]
   108 | D:1      | Reached XP level 2. HP: 19/24 MP: 2/2
   371 | D:1      | Reached XP level 3. HP: 29/29 MP: 3/3
   890 | D:1      | Reached skill level 1 in Dodging
  1389 | D:2      | Gained mutation: You have a pair of horns on your head. [demonic ancestry]
  1389 | D:2      | Reached XP level 4. HP: 35/35 MP: 4/4
  2032 | D:2      | Found a deep blue altar of Sif Muna.
  2145 | D:3      | Found a snail-covered altar of Cheibriados.
  2145 | D:3      | Found a basalt altar of Yredelemnul.
  2179 | D:3      | Noticed Alarkh's ghost (weakling DsMo)
  2181 | D:3      | Found a glowing golden altar of the Shining One.
  2181 | D:3      | Found a hide-covered altar of Uskayaw.
  2181 | D:3      | Found a shattered altar of Ashenzari.
  2569 | D:3      | Reached skill level 3 in Long Blades
  2584 | D:3      | Found a blossoming altar of Fedhas.
  2609 | D:3      | Killed Alarkh's ghost
  2609 | D:3      | Gained mutation: You have a pair of large horns on your head. [demonic ancestry]
  2609 | D:3      | Reached XP level 5. HP: 27/41 MP: 5/5
  3693 | D:4      | Gained mutation: You are partially covered in thin metallic scales. (AC +2) [demonic ancestry]
  3693 | D:4      | Reached XP level 6. HP: 26/48 MP: 6/6
  4077 | D:4      | Found a glowing drain.
  4084 | Sewer    | Entered a sewer
  4111 | Sewer    | Noticed Purgy
  4119 | Sewer    | Killed Purgy
  4416 | D:4      | Reached skill level 4 in Long Blades
  4578 | D:4      | Found a sacrificial altar of Ru.
  4736 | D:4      | Found a burning altar of Makhleb.
  4737 | D:4      | Found a shimmering altar of Xom.
  4745 | D:4      | Gained mutation: A weak demonic guardian rushes to your aid. [demonic ancestry]
  4745 | D:4      | Reached XP level 7. HP: 51/54 MP: 7/7
  4798 | D:5      | Entered Level 5 of the Dungeon
  5792 | D:6      | Reached skill level 5 in Long Blades
  5825 | D:6      | HP: 1/55 [electric eel/bolt of electricity (10)]
  5825 | D:6      | Killed from afar by an electric eel

Vault maps used:
D:1:      mushboom_english_gardens
D:2:      led_sif_pool
D:3:      kb_forest_paths, grunt_temple_overflow_open, first_bread
D:4:      wad_pebble_path, grunt_temple_overflow_champion_of_chaos,
          lightli_sewer_entry_pipes, nicolae_ru_the_path_less_chosen
D:5:      sigmund_army
D:6:      cheibrodos_two_vegetables, minmay_temple_entry_statues_fountains,
          basic_altar, tso_metal_star
Sewer:    sewer_co_purgy_island

Skill      XL: |  1  2  3  4  5  6  7 |
---------------+----------------------+-----
Long Blades    | 2 3 4 5 |  5.0
Dodging        | 1 2 3 |  3.3
Armour         | 3 4 |  4.3
Shields        | 3 4 |  4.1
Fighting       | 4 |  4.6

Action                   |  1- 3 |  4- 6 |  7- 9 || total
-------------------------+-------+-------+-------++-------
Melee: Long sword        |   122 |   221 |    74 ||   417
       Headbutt          |    16 |    27 |    22 ||    65
  Use: Potion            |     2 |     5 |     2 ||     9
       Scroll            |     3 |     7 |     3 ||    13
 Stab: Distracted        |       |       |     1 ||     1
  Eat: Chunk             |     2 |    11 |     3 ||    16
Armor: Scale mail        |    61 |    64 |       ||   125
       Skin              |       |     4 |       ||     4
       Troll leather arm |       |    11 |    16 ||    27
Dodge: Dodged            |    34 |    65 |    40 ||   139
Block: Shield            |    67 |   126 |    40 ||   233
       Rpst.: Long sword |    12 |    14 |    13 ||    39
